 Dungeon Crawl Stone Soup version 0.29.1-15-g9cfb28693d (webtiles) character file.

Game seed: 6152851594014374408

191 Cheops the Spear-Bearer (level 5, 0/38 HPs)
             Began as a Merfolk Gladiator on Mar 21, 2023.
             Succumbed to Terence's poison
             ... on level 3 of the Dungeon.
             The game lasted 00:03:45 (1554 turns).

Cheops the Spear-Bearer (Merfolk Gladiator)         Turns: 1554, Time: 00:03:46

Health: 0/38       AC: 11    Str: 16    XL:     5   Next: 70%
Magic:  5/5        EV: 14    Int:  6    God:
Gold:   99         SH:  4    Dex: 19    Spells: 4/4 levels left

rFire   . . .      SeeInvis .   a - +1 scythe (protect)
rCold   . . .      Faith    .   (shield currently unavailable)
rNeg    . . .      Spirit   .   b - +0 leather armour
rPois   .          Reflect  .   c - +0 helmet
rElec   .          Harm     .   (no cloak)
rCorr   .          Rampage  .   (no gloves)
Will    .....                   (no boots)
Stlth   +.........              (no amulet)
HPRegen 0.12/turn               (no ring)
MPRegen 0.09/turn               (no ring)

@: lethally poisoned (0 -> -7), under a protective aura
A: (nimble swimmer 2), mertail, large bone plates 1, agile 1, wild magic 1
a: no special abilities


You were on level 3 of the Dungeon.
You visited 1 branch of the dungeon, and saw 3 of its levels.

You collected 99 gold pieces.

Inventory:

Hand Weapons
 a - a +1 scythe of protection (weapon)
 h - a +0 trident
Missiles
 d - 3 throwing nets (quivered)
 e - a javelin
Armour
 b - a +0 leather armour (worn)
 c - a +0 helmet (worn)
Scrolls
 f - a scroll of teleportation {unknown}
 g - 4 scrolls of identify {unknown}
 j - 3 scrolls of vulnerability {unknown}
 l - a scroll of torment {unknown}
 n - a scroll of butterflies {unknown}
 o - a scroll of immolation {unknown}
 p - a scroll of enchant weapon {unknown}
 r - 3 scrolls of poison {unknown}
 s - a scroll of summoning {unknown}
 u - a scroll of amnesia {unknown}
Potions
 i - a potion of cancellation {unknown}
 k - a potion of brilliance {unknown}
 m - a potion of mutation
 q - a potion of haste {unknown}
 t - a potion of degeneration {unknown}


   Skills:
 - Level 2.1 Fighting
 + Level 8.2 Polearms
 - Level 2.0 Throwing
 - Level 4.0 Dodging


You had 4 spell levels left.
You didn't know any spells.
Your spell library contained the following spells:

 Spells                   Type           Power      Damage    Failure   Level
 Alistair's Intoxication  Tmut/Pois      0%         N/A       100%        5
 Borgnjor's Vile Clutch   Necr/Erth      0%         N/A       100%        5
 Eringya's Noxious Bog    Tmut/Pois      0%         N/A       100%        6


Dungeon Overview and Level Annotations

Branches:
Dungeon (3/15)

Altars:

Annotations:
D:3 Terence


Innate Abilities, Weirdness & Mutations

((You are very nimble when in or above water. (Stealth+, EV+, Speed+++)))
Your lower body shifts to a powerful aquatic tail in water.
You are partially covered in large bone plates. (SH +4)
You are agile. (Dex +4, Str/Int -1)
Your spells are a little harder to cast, but a little more powerful.


Message History

There are monsters nearby!
There is a stone staircase leading up here.
You swing at nothing.
You swing at nothing.
You swing at nothing.
You swing at nothing.
You swing at nothing.
Terence closely misses you.
Terence hits you with a +1 trident of venom.
You are poisoned.
You closely miss Terence.
You feel very sick.
Terence hits you with a +1 trident of venom!
You are more poisoned.
You hit Terence.
Your weapon exudes an aura of protection.
Terence is lightly wounded.
* * * LOW HITPOINT WARNING * * *
You feel very sick.
Terence hits you with a +1 trident of venom.
* * * LOW HITPOINT WARNING * * *
You hit Terence.
Terence is moderately wounded.
* * * LOW HITPOINT WARNING * * *
You feel very sick. Terence misses you.
You completely miss Terence.
Terence is moderately wounded.
* * * LOW HITPOINT WARNING * * *
You feel sick. Terence completely misses you.
You barely miss Terence.
Terence is moderately wounded.
* * * LOW HITPOINT WARNING * * *
You feel sick.
Terence hits you with a +1 trident of venom.
* * * LOW HITPOINT WARNING * * *
It was a potion of mutation.
You feel extremely strange.
You feel less in control of your magic.
Large bone plates grow over parts of your arms.
You feel agile.
You die...

####........
...........
#..........
#........#)
#..........
#.......S..
#...#
......#@#
##..# #@# #.
#<# ###


You could see Terence.

Vanquished Creatures
  Sigmund (D:2)
  A dart slug (D:2)
  2 endoplasms (D:1)
  A giant cockroach (D:2)
  A goblin (D:2)
  3 hobgoblins
  2 quokkas (D:1)
  5 ball pythons
  4 bats
  A frilled lizard (D:1)
  4 kobolds (D:1)
  3 rats
28 creatures vanquished.

Vanquished Creatures (others)
  A fungus (D:1)
  A plant (D:1)
2 creatures vanquished.

Grand Total: 30 creatures vanquished

Notes
Turn   | Place    | Note
-------+----------+-------------------------------------------
     0 | D:1      | Cheops the Merfolk Gladiator began the quest for the Orb.
     0 | D:1      | Reached XP level 1. HP: 16/16 MP: 1/1
   237 | D:1      | Reached XP level 2. HP: 22/22 MP: 2/2
   277 | D:1      | Found a faded altar of an unknown god.
   312 | D:1      | Reached skill level 5 in Polearms
  1094 | D:2      | Reached XP level 3. HP: 27/27 MP: 3/3
  1109 | D:2      | Noticed Sigmund
  1129 | D:2      | Killed Sigmund
  1130 | D:2      | Reached skill level 8 in Polearms
  1130 | D:2      | Reached XP level 4. HP: 17/33 MP: 4/4
  1130 | D:2      | Reached XP level 5. HP: 20/38 MP: 5/5
  1539 | D:3      | Noticed Terence
  1554 | D:3      | Gained mutation: Your spells are a little harder to cast,
                  | but a little more powerful. [potion of mutation]
  1554 | D:3      | Gained mutation: You are partially covered in large bone
                  | plates. (SH +4) [potion of mutation]
  1554 | D:3      | Gained mutation: You are agile. (Dex +4, Str/Int -1)
                  | [potion of mutation]
  1554 | D:3      | Succumbed to Terence's poison

Illustrated notes

Levels and vault maps discovered:
D:1:      minmay_arrival_shoal_huts, layout_basic,
          shapermc_ecumenical_altar_mp_urbaneastern,
          minmay_misc_feat_secret_circle
D:2:      layout_rooms, dk_noncrumbling_3, uniq_sigmund
D:3:      cheibrodos_pilgrimage, layout_basic, serial_shops,
          nicolae_shop_hallway_plus, hangedman_decor_growths, uniq_terence,
          uniq_jessica, uniq_grinder

Skill      XL: |  1  2  3 |
---------------+----------+-----
Polearms       | 5 8 |  8.2
Fighting       | |  2.1
Throwing       | |  2.0
Dodging        | |  4.0

Action                   |  1- 3 |  4- 6 || total
-------------------------+-------+-------++-------
Melee: Trident           |    79 |       ||    79
       Punch             |     1 |       ||     1
       Halberd           |       |    11 ||    11
  Use: Potion            |     1 |     1 ||     2
 Stab: Sleeping          |     2 |       ||     2
Armor: Leather armour    |    18 |     2 ||    20
Dodge: Dodged            |    37 |     9 ||    46
